 Dungeon Crawl Stone Soup version 0.22.1-1-ga44c0e5 (webtiles) character file.

134 Lauz the Slasher (level 4, -5/41 HPs)
             Began as a Minotaur Berserker on Oct 30, 2018.
             Was a Believer of Trog.
             Killed from afar by an orc wizard (9 damage)
             ... with a magic dart
             ... on level 3 of the Dungeon.
             The game lasted 00:02:22 (1842 turns).

Lauz the Slasher (Minotaur Berserker)               Turns: 1842, Time: 00:02:23

Health: -5/41      AC:  2    Str: 22    XL:     4   Next: 95%
Magic:  3/3        EV: 12    Int:  4    God:    Trog [**....]
Gold:   52         SH:  0    Dex: 10    Spells: 3/3 levels left

rFire    . . .     SeeInvis .   a - +0 falchion
rCold    . . .     Gourm    .   (no shield)
rNeg     . . .     Faith    .   b - +0 animal skin
rPois    .         Spirit   .   (helmet restricted)
rElec    .         Reflect  .   (no cloak)
rCorr    .         Harm     .   (no gloves)
MR       ++...                  (no boots)
Stlth    +.........             (no amulet)
HPRegen  1.13/turn              (no ring)
MPRegen  0.08/turn              (no ring)

@: berserk cooldown, regenerating, slowed, very slow
A: retaliatory headbutt, horns 2
a: Berserk, Trog's Hand, Renounce Religion


You were on level 3 of the Dungeon.
You worshipped Trog.
Trog was pleased with you.
You were very hungry.

You visited 1 branch of the dungeon, and saw 3 of its levels.

You collected 52 gold pieces.

Inventory:

Hand Weapons
 a - a +0 falchion (weapon)
Armour
 b - a +0 animal skin (worn)
Scrolls
 f - 2 scrolls of enchant armour {unknown}
 i - a scroll of identify {unknown}
 j - a scroll of noise {unknown}
 k - a scroll of enchant weapon {unknown}
 l - a scroll of remove curse {unknown}
 o - 3 scrolls of blinking {unknown}
Potions
 d - 2 potions of curing {unknown}
 e - a potion of invisibility
 g - a potion of berserk rage {unknown}
 h - a potion of lignification {unknown}
 m - a potion of brilliance {unknown}
 n - a potion of haste {unknown}
 p - 2 potions of resistance {unknown}
Comestibles
 c - 5 rations


   Skills:
 + Level 4.5 Fighting
 * Level 6.1 Long Blades
 - Level 2.4 Armour
 - Level 2.1 Dodging
 + Level 0.7 Stealth


You had 3 spell levels left.
You didn't know any spells.
Your spell library was empty.

Dungeon Overview and Level Annotations

Branches:
Dungeon (3/15)

Altars:


Innate Abilities, Weirdness & Mutations

You reflexively headbutt those who attack you in melee.
You have a pair of horns on your head.


Message History

You feel yourself slow down.
You can move again.
The orc wizard casts a spell.
The orc wizard seems to speed up.
You feel sick. The orc wizard casts a spell at you.
You feel as though you will be slow longer.
You feel sick.
You are no longer poisoned.
The orc wizard casts a spell at you.
You feel as though you will be slow longer.
Your skin crawls.
You feel resistant to hostile enchantments.
You are feeling very hungry.
The orc wizard gestures at you while chanting.
The magic dart hits you!
* * * LOW HITPOINT WARNING * * *
The orc wizard points at you and mumbles some strange words.
The magic dart hits you!
You die...

#### ##............ #<.##
##............. #...##
##.....))......o
#....#########.....).).......
#..........##.......)))......
#..........##............o...
#................o.........>!
#............................
###.....#....@...............
#..##..........###.........
#..............# #.........
#####..........# #.........
#..........# ######
#..........# #..........#
#..........# #.........#


You could see an orc wizard.

Vanquished Creatures
  Terence (D:2)
  5 adders
  2 oozes (D:1)
  2 dart slugs (D:2)
  2 worms (D:2)
  2 leopard geckos (D:1)
  6 orcs (D:3)
  4 giant cockroaches
  4 goblins
  2 jackals (D:3)
  2 bats
  A frilled lizard (D:2)
  8 kobolds
  A rat (D:1)
42 creatures vanquished.

Notes
Turn   | Place    | Note
-------+----------+-------------------------------------------
     0 | D:1      | Lauz the Minotaur Berserker began the quest for the Orb.
     0 | D:1      | Reached XP level 1. HP: 19/19 MP: 0/0
   241 | D:1      | Reached skill level 4 in Long Blades
   241 | D:1      | Reached XP level 2. HP: 27/27 MP: 1/1
   830 | D:2      | Noticed Terence
   841 | D:2      | Killed Terence
   841 | D:2      | Reached skill level 5 in Long Blades
   841 | D:2      | Reached XP level 3. HP: 17/33 MP: 2/2
  1083 | D:2      | Found a faded altar of an unknown god.
  1292 | D:2      | Reached XP level 4. HP: 35/40 MP: 3/3
  1328 | D:2      | Reached ** piety under Trog
  1816 | D:3      | Reached skill level 6 in Long Blades
  1841 | D:3      | HP: 2/41 [orc wizard/magic dart (4)]
  1842 | D:3      | Killed from afar by an orc wizard

Skill      XL: |  1  2  3  4 |
---------------+-------------+-----
Long Blades    | 4 5 6 |  6.1
Fighting       | 4 |  4.5
Armour         | |  2.4
Dodging        | |  2.1
Stealth        | |  0.7

Action                   |  1- 3 |  4- 6 || total
-------------------------+-------+-------++-------
Melee: Falchion          |    47 |    35 ||    82
       Headbutt          |     9 |     8 ||    17
Invok: Berserk           |       |     1 ||     1
       Trog's Hand       |       |     1 ||     1
 Stab: Sleeping          |     1 |       ||     1
  Eat: Chunk             |     1 |     2 ||     3
Armor: Animal skin       |     7 |     3 ||    10
Dodge: Dodged            |    22 |    29 ||    51
       Rpst.: Falchion   |     5 |     9 ||    14
